 Dungeon Crawl Stone Soup version 0.29-a0-214-g17f627cfee (webtiles) character file.

Game seed: 11656469498380807950

83 spaghetti the Bolt Thrower (level 4, -1/33 HPs)
             Began as a Demonspawn Hunter on Feb 24, 2022.
             Was a Follower of Dithmenos.
             Slain by a white imp (2 damage)
             ... summoned by Natasha
             ... on level 2 of the Dungeon.
             The game lasted 00:02:30 (1569 turns).

spaghetti the Bolt Thrower (Demonspawn Hunter)      Turns: 1569, Time: 00:02:31

Health: -1/33      AC:  3    Str: 12    XL:     4   Next: 22%
Magic:  0/4        EV: 11    Int: 13    God:    Dithmenos [*.....]
Gold:   39         SH:  0    Dex: 15    Spells: 3/3 levels left

rFire   . . .      SeeInvis .   b - +2 whip (drain) {mace}
rCold   . . .      Faith    .   (no shield)
rNeg    . . .      Spirit   +   h - +0 leather armour
rPois   .          Reflect  .   (no helmet)
rElec   .          Harm     .   (no cloak)
rCorr   .          Rampage  .   (no gloves)
Will    .....                   (no boots)
Stlth   ++........              d - amulet of guardian spirit
HPRegen 0.11/turn               (no ring)
MPRegen 0.18/turn               (no ring)

@: slowed, wreathed by umbra, very slow
A: powered by pain 1, magic regeneration
a: Renounce Religion


You were on level 2 of the Dungeon.
You worshipped Dithmenos.
Dithmenos was aware of your devotion.
You visited 1 branch of the dungeon, and saw 2 of its levels.

You collected 39 gold pieces.


Innate Abilities, Weirdness & Mutations

You sometimes gain a little power by taking damage.
You regenerate magic rapidly.


   Skills:
 - Level 2.0 Fighting
 - Level 4.3 Crossbows
 - Level 1.7 Dodging
 + Level 3.1 Stealth


You had 3 spell levels left.
You didn't know any spells.
Your spell library was empty.

Inventory:

Hand Weapons
 a - a +1 hand crossbow {crossbow}
 b - a +2 whip of draining (weapon) {mace}
   (You took it off a gnoll on level 2 of the Dungeon)
 g - a +0 short sword {short}
   (You took it off a kobold on level 1 of the Dungeon)
 i - a +0 club {mace}
   (You found it on level 1 of the Dungeon)
 j - a +0 dagger {short}
   (You took it off a kobold on level 1 of the Dungeon)
 k - a +0 club {mace}
   (You took it off a kobold on level 1 of the Dungeon)
 l - a +0 dagger {short}
   (You took it off a kobold on level 1 of the Dungeon)
 m - a +0 dagger {short}
   (You took it off a kobold on level 1 of the Dungeon)
Missiles
 e - 29 stones {throwing}
 f - 4 javelins {throwing}
 o - 2 poisoned darts {throwing}
Armour
 h - a +0 leather armour (worn)
Jewellery
 d - an amulet of guardian spirit (around neck)
   (You found it on level 1 of the Dungeon)
Scrolls
 c - a scroll of vulnerability {unknown}
 n - a scroll of teleportation {unknown}

Dungeon Overview and Level Annotations

Branches:
Dungeon (2/15)

Altars:
Dithmenos

Annotations:
D:2 Natasha

..# #.# #.# #.# ## #.#
.......####.###
...[##....h...######
.........5@.......#
#..#######.#.####..
#..# #.#.# ## #..#
#.#.†...... .
#..#######.#########
#.###..........######
#.#..).....#..........
#...)#.###.#.###.#####
###..#.# #.#.# .#


You could see Natasha and a white imp (summoned).


Message History

You take 6 damage, and now have 21/27 hp.
MASSIVE DAMAGE!! (PAUSE)
You lost 1 mp, and now have 2/3 mp.
You shoot a bolt. The bolt hits Natasha!
You shoot a bolt. The bolt closely misses Natasha.
Natasha casts a spell at you.
You feel yourself slow down. 😕 HP[+1]
You sense an unholy aura.
b - a +2 whip of draining (weapon)
{mace} Natasha stares at you and mumbles some strange words.
The magic dart hits you! 😮 HP[-8] MP[-1]
You take 8 damage, and now have 14/27 hp.
MASSIVE DAMAGE!! (PAUSE)
You lost 1 mp, and now have 1/3 mp.
You closely miss Natasha. Natasha closely misses you. x2
You hit Natasha. Natasha casts a spell at you.
You feel as though you will be slow longer. 😮 MP[+1]
You hit Natasha but do no damage. You drain Natasha.
Natasha growls.
Natasha claws you but does no damage.
Natasha casts a spell.
You closely miss Natasha. Natasha claws you.
* * * LOW HITPOINT WARNING * * *
The crimson imp misses you.
Natasha barely misses you. 😨 HP[-4] MP[-1]
You take 4 damage, and now have 10/27 hp.
You lost 1 mp, and now have 1/3 mp.
You hit Natasha.
You kill Natasha!
Dithmenos accepts your kill.
Natasha yowls pathetically as she dies!
The crimson imp disappears in a puff of smoke!
Your Stealth skill increases to level 3!
You have reached level 4!
You feel clever. 😨 HP[+3]
You now have 33 max hp (+6).
You regained 3 hp, and now have 13/33 hp.
You start resting. 😨 HP[+1] MP[+3]
Your mp is fully restored (4).
You start resting.
You feel yourself speed up.
Natasha, Servant of Life and Death comes into view. 😕 HP[+17]
You regained 17 hp, and now have 31/33 hp.
Unknown command.
Natasha hisses angrily.
Natasha claws you. 😕 HP[-1]
You take 1 damage, and now have 30/33 hp.
You closely miss Natasha. Natasha barely misses you.
You closely miss Natasha. Natasha barely misses you. 😕 HP[+1]
You barely miss Natasha. Natasha claws you but does no damage.
You closely miss Natasha.
Natasha mumbles some strange words.
You closely miss Natasha. Natasha claws you.
Natasha closely misses you. 😕 HP[-4]
You take 4 damage, and now have 27/33 hp.
You barely miss Natasha. The white imp misses you. Natasha barely misses you.
You hit Natasha. The white imp barely misses you. Natasha casts a spell at you.
You feel yourself slow down.
You hit Natasha. The white imp closely misses you. Natasha closely misses you.
The white imp hits you.
The white imp freezes you. 😮 HP[-6] MP[-1]
You take 6 damage, and now have 21/33 hp.
You lost 1 mp, and now have 3/4 mp.
You closely miss Natasha. Natasha barely misses you.
The white imp gestures at you. The puff of frost hits you!
* * * LOW HITPOINT WARNING * * *
Natasha claws you.
* * * LOW HITPOINT WARNING * * *
😨 HP[-8] MP[-2]
You take 8 damage, and now have 13/33 hp.
MASSIVE DAMAGE!! (PAUSE)
You lost 2 mp, and now have 1/4 mp.
You hit Natasha but do no damage. The white imp hits you.
* * * LOW HITPOINT WARNING * * *
The white imp freezes you.
* * * LOW HITPOINT WARNING * * *
Natasha claws you.
* * * LOW HITPOINT WARNING * * *
The white imp barely misses you.
Natasha mumbles some strange words.
Natasha's front paws start to glow.
Natasha barely misses you. 😱 HP[-12] MP[-1]
You take 12 damage, and now have 1/33 hp.
MASSIVE DAMAGE!! (PAUSE)
You lost 1 mp, and now have 0/4 mp.
You closely miss Natasha. The white imp closely misses you.
Natasha closely misses you. The white imp hits you.
You die...

Skill      XL: |  1  2  3 |
---------------+----------+-----
Crossbows      | 4 |  4.3
Stealth        | 1 3 |  3.1
Fighting       | |  2.0
Dodging        | |  1.7

Action                   |  1- 3 |  4- 6 || total
-------------------------+-------+-------++-------
Melee: Unarmed           |    12 |       ||    12
       Whip              |     5 |    11 ||    16
 Fire: Hand crossbow     |    75 |       ||    75
  Use: Potion            |     1 |       ||     1
Armor: Leather armour    |     6 |     1 ||     7
Dodge: Dodged            |    29 |    13 ||    42

Levels and vault maps discovered:
D:1:      lightli_arrival_statue_moat, layout_basic,
          hellmonk_ecumenical_altar_leap_of_faith, serial_bayou,
          serial_bayou_pond_c, serial_bayou_lagoon_a, serial_bayou_pond_e,
          serial_bayou_ford_a, minmay_misc_feat_rows
D:2:      layout_loops_ring, uniq_natasha

Notes
Turn   | Place    | Note
-------+----------+-------------------------------------------
     0 | D:1      | spaghetti the Demonspawn Hunter began the quest for the
                  | Orb.
     0 | D:1      | Reached XP level 1. HP: 16/16 MP: 1/1
     0 | D:1      | magus.rc [v1.9.6]
   150 | D:1      | Reached skill level 4 in Crossbows
   179 | D:1      | Gained mutation: You sometimes gain a little power by
                  | taking damage. [demonic ancestry]
   179 | D:1      | Reached XP level 2. HP: 22/22 MP: 2/2
   448 | D:1      | Found a faded altar of an unknown god.
   455 | D:1      | Prayed at the altar of an unknown god.
   455 | D:1      | Became a worshipper of Dithmenos the Shadowed
   455 | D:1      | Reached * piety under Dithmenos
   464 | D:1      | Reached skill level 1 in Stealth
   776 | D:2      | HP: 2/22 [gnoll/+0 club (4)]
   778 | D:2      | Gained mutation: You regenerate magic rapidly. [demonic
                  | ancestry]
   778 | D:2      | Reached XP level 3. HP: 3/27 MP: 1/3
   792 | D:1      | HP: 2/27 [frilled lizard (2)]
  1323 | D:2      | Reached skill level 2 in Stealth
  1392 | D:2      | Noticed Natasha
  1402 | D:2      | Killed Natasha
  1403 | D:2      | Reached skill level 3 in Stealth
  1403 | D:2      | Reached XP level 4. HP: 13/33 MP: 1/4
  1555 | D:2      | Noticed Natasha
  1568 | D:2      | HP: 5/33 [white imp[Natasha] (5)]
  1568 | D:2      | HP: 1/33 [Natasha (4)]
  1569 | D:2      | Slain by a white imp

Vanquished Creatures
  Natasha (D:2)
  3 gnolls (D:2)
  3 ball pythons (D:1)
  3 endoplasms (D:1)
  2 giant cockroaches (D:1)
  3 hobgoblins (D:1)
  2 jackals (D:2)
  A quokka (D:1)
  3 bats
  4 frilled lizards (D:1)
  5 kobolds (D:1)
  4 rats
34 creatures vanquished.

Vanquished Creatures (others)
  14 plants (D:1)
14 creatures vanquished.

Grand Total: 48 creatures vanquished

Table legend:
 A = Non-vault XP
 B = Vault XP
 C = Vault XP percentage of total XP
 D = Non-vault monster count
 E = Vault monster count
 F = Vault count percentage of total count
                 A         B        C        D         E       F
            +---------+---------+-------+---------+---------+-------
      Total |      84 |      35 |  29.4 |      33 |       1 |   2.9
            +---------+---------+-------+---------+---------+-------
        D:1 |      38 |       0 |   0.0 |      26 |       0 |   0.0
        D:2 |      46 |      35 |  43.2 |       7 |       1 |  12.5
            +---------+---------+-------+---------+---------+-------

Illustrated notes

Table legend:
 A = Kills in this place as a percentage of kills in entire the game.
 B = Kills by you in this place as a percentage of kills by you in the entire game.
 C = Kills by friends in this place as a percentage of kills by friends in the entire game.
 D = Other kills in this place as a percentage of other kills in the entire game.
 E = Experience gained in this place as a percentage of experience gained in the entire game.
 F = Experience gained in this place divided by the number of levels of this place that you have seen.
                   A       B       C       D       E      F
               +-------+-------+-------+-------+-------+----------------------
         Total | 100.0 | 100.0 |   N/A |   N/A | 100.0 |  59.5
       Dungeon | 100.0 | 100.0 |   N/A |   N/A | 100.0 |  59.5
               +-------+-------+-------+-------+-------+----------------------

Table legend: (Time is in decaauts)
 A = Elapsed time spent in this place.
 B = Non-inter-level travel time spent in this place.
 C = Inter-level travel time spent in this place.
 D = Time resting spent in this place.
 E = Time spent auto-exploring this place.
 F = Levels seen in this place.
 G = Mean time per level.
                   A        B        C        D        E       F      G
               +--------+--------+--------+--------+--------+-----+--------+
         Total |   1625 |   1608 |     17 |    435 |    935 |   2 |  812.5 |
       Dungeon |   1625 |   1608 |     17 |    435 |    935 |   2 |  812.5 |
               +--------+--------+--------+--------+--------+-----+--------+

Top non-repeatable levels by time:
     D:1: 1315 daAuts
     D:2: 309 daAuts
